NYP
SPOKANE INDIANS @ LOWELL SPINNERS
09/13/2049
 
TOP OF THE 1ST
Spokane Indians batting - Pitching for Lowell Spinners : RHP Alan Phillips
Pitching: RHP Alan Phillips
Batting: LHB Brian Gray 0-0: Fly out, F8 (Flyball, 8LM, EV 89.4 MPH)
Batting: RHB Melvin Gomez 0-0: Foul Ball, location: 2F
0-1: Ball
1-1: SINGLE (Groundball, 6M, EV 107.5 MPH) (infield hit)
Batting: RHB Matthew Starr 0-0: Ball
Melvin Gomez steals 2nd base (no throw)
1-0: Foul Ball, location: 2F
1-1: Foul Ball, location: 2F
1-2: Ball
2-2: Foul Ball, location: 2F
2-2: Ball
3-2: Hit by Pitch
Batting: RHB Dale Aubrey 0-0: Called Strike
0-1: Ball
1-1: Ball
Passed Ball!
Melvin Gomez to third
Matthew Starr to second
2-1: Swinging Strike
2-2: Fly out, F7 (Flyball, 7, EV 93.8 MPH)
Runner from 3rd tags up, SCORES, no throw by LF
Batting: RHB Antonio Morado 0-0: Ball
1-0: Called Strike
1-1: Ground out 4-3 (Groundball, 4, EV 88.8 MPH)
Top of the 1st over - 1 run, 1 hit, 0 errors, 1 left on base; Spokane 1 - Lowell 0
BOTTOM OF THE 1ST
Lowell Spinners batting - Pitching for Spokane Indians : LHP Bobby Carroll
Pitching: LHP Bobby Carroll
Batting: LHB Eric Gaugler 0-0: Called Strike
0-1: Fly out, F3 (Line Drive, 34, EV 73.1 MPH)
Batting: RHB Bakhtiar Asadov 0-0: Ball
1-0: Called Strike
1-1: Ball
2-1: Ball
3-1: Base on Balls
Batting: LHB Javier Cajina 0-0: Called Strike
0-1: Swinging Strike
0-2: Strikes out swinging
Batting: RHB Dominique Paolozzi 0-0: Ball
1-0: Called Strike
1-1: Foul Ball, location: 2F
1-2: SINGLE (Groundball, 6D, EV 94.4 MPH)
Bakhtiar Asadov to second
Batting: RHB Tony Gallegos 0-0: Ball
1-0: Called Strike
1-1: Swinging Strike
1-2: Ball
2-2: Strikes out swinging
Bottom of the 1st over - 0 runs, 1 hit, 0 errors, 2 left on base; Spokane 1 - Lowell 0
TOP OF THE 2ND
Spokane Indians batting - Pitching for Lowell Spinners : RHP Alan Phillips
Batting: LHB Sumiki Okuhara 0-0: Ball
1-0: Fly out, F2 (Popup, 2LF, EV 93.8 MPH)
Batting: RHB Zach Koblinski 0-0: Fly out, F9 (Flyball, 89M, EV 90.6 MPH)
Batting: RHB Gabe Almazan 0-0: Fly out, F6 (Popup, 6D, EV 56.9 MPH)
Top of the 2nd over - 0 runs, 0 hits, 0 errors, 0 left on base; Spokane 1 - Lowell 0
BOTTOM OF THE 2ND
Lowell Spinners batting - Pitching for Spokane Indians : LHP Bobby Carroll
Batting: RHB Willie Camacho 0-0: Called Strike
0-1: Foul Ball, location: 2F
0-2: Strikes out swinging
Batting: RHB Mike Strey 0-0: Ball
1-0: Ground out 5-3 (Groundball, 56, EV 104.4 MPH)
Batting: RHB Rogelio Cervantes 0-0: Called Strike
0-1: Ball
1-1: Foul Ball, location: 2F
1-2: Fly out, F8 (Flyball, 8RS, EV 91.2 MPH)
Bottom of the 2nd over - 0 runs, 0 hits, 0 errors, 0 left on base; Spokane 1 - Lowell 0
TOP OF THE 3RD
Spokane Indians batting - Pitching for Lowell Spinners : RHP Alan Phillips
Batting: SHB Brace Harper 0-0: Ball
1-0: Ground out 1-3 (Groundball, 34S, EV 71.9 MPH)
Batting: LHB Brian Gray 0-0: Called Strike
0-1: Ball
1-1: Called Strike
1-2: Ball
2-2: Ball
3-2: Ground out 5-3 (Groundball, 56S, EV 82.5 MPH)
Batting: RHB Melvin Gomez 0-0: Foul Ball, location: 2F
0-1: Foul Ball, location: 2F
0-2: Ball
1-2: Ground out 6-3 (Groundball, 56, EV 84.4 MPH)
Top of the 3rd over - 0 runs, 0 hits, 0 errors, 0 left on base; Spokane 1 - Lowell 0
BOTTOM OF THE 3RD
Lowell Spinners batting - Pitching for Spokane Indians : LHP Bobby Carroll
Batting: RHB Roger Mitchell 0-0: Swinging Strike
0-1: Foul Ball, location: 2F
0-2: Ball
1-2: Ball
2-2: Strikes out swinging
Batting: LHB Eric Gaugler 0-0: Called Strike
0-1: Ball
1-1: Foul Ball, location: 2F
1-2: SINGLE (Groundball, 15S, EV 68.8 MPH) (infield hit)
Batting: RHB Bakhtiar Asadov 0-0: Ball
1-0: Ball
2-0: Ball
3-0: Swinging Strike
3-1: Base on Balls
Eric Gaugler to second
Batting: LHB Javier Cajina 0-0: Fly out, F2 (Popup, 2LF, EV 90.0 MPH)
Batting: RHB Dominique Paolozzi 0-0: Called Strike
0-1: SINGLE (Groundball, 6MD, EV 96.9 MPH)
Eric Gaugler to third
Bakhtiar Asadov to second
Runner from 3rd tries for Home, SAFE, throw by CF to home
Batting: RHB Tony Gallegos 0-0: Called Strike
0-1: Ball
1-1: Ground out U3 (Groundball, 34, EV 88.8 MPH)
Bottom of the 3rd over - 1 run, 2 hits, 0 errors, 2 left on base; Spokane 1 - Lowell 1
TOP OF THE 4TH
Spokane Indians batting - Pitching for Lowell Spinners : RHP Alan Phillips
Batting: RHB Matthew Starr 0-0: Ball
1-0: Ball
2-0: Ball
3-0: Called Strike
3-1: Base on Balls
Batting: RHB Dale Aubrey 0-0: Called Strike
0-1: Foul Ball, location: 2F
0-2: Ball
1-2: Strikes out swinging
Batting: RHB Antonio Morado 0-0: Called Strike
0-1: Ground out 4-3 (Groundball, 34, EV 91.2 MPH)
Matthew Starr to second
Batting: LHB Sumiki Okuhara 0-0: Swinging Strike
0-1: Foul Ball, location: 2F
0-2: DOUBLE (Flyball, 8RXD, EV 96.2 MPH)
Matthew Starr scores
Batting: RHB Zach Koblinski 0-0: Called Strike
0-1: Fly out, F6 (Popup, 6MS, EV 84.4 MPH)
Top of the 4th over - 1 run, 1 hit, 0 errors, 1 left on base; Spokane 2 - Lowell 1
BOTTOM OF THE 4TH
Lowell Spinners batting - Pitching for Spokane Indians : LHP Bobby Carroll
Batting: RHB Willie Camacho 0-0: SINGLE (Groundball, 6D, EV 108.8 MPH)
Batting: RHB Mike Strey 0-0: Ball
1-0: Called Strike
1-1: Ball
2-1: Grounds into double play, 5-4-3 (Groundball, 56S, EV 85.6 MPH)
Batting: RHB Rogelio Cervantes 0-0: Called Strike
0-1: Foul Ball, location: 2F
0-2: Strikes out swinging
Bottom of the 4th over - 0 runs, 1 hit, 0 errors, 0 left on base; Spokane 2 - Lowell 1
TOP OF THE 5TH
Spokane Indians batting - Pitching for Lowell Spinners : RHP Alan Phillips
Batting: RHB Gabe Almazan 0-0: Foul Ball, location: 2F
0-1: Ball
1-1: Foul Ball, location: 2F
1-2: Ball
2-2: Strikes out swinging
Batting: SHB Brace Harper 0-0: Ball
1-0: Foul Ball, location: 2F
1-1: Foul Ball, location: 2F
1-2: Foul Ball, location: 2F
1-2: Fly out, F6 (Line Drive, 6M, EV 71.2 MPH)
Batting: LHB Brian Gray 0-0: Ball
1-0: Ball
2-0: Ball
3-0: Called Strike
3-1: Ground out 5-3 (Groundball, 56, EV 105.6 MPH)
Top of the 5th over - 0 runs, 0 hits, 0 errors, 0 left on base; Spokane 2 - Lowell 1
BOTTOM OF THE 5TH
Lowell Spinners batting - Pitching for Spokane Indians : LHP Bobby Carroll
Batting: RHB Roger Mitchell 0-0: Hit by Pitch
Batting: LHB Eric Gaugler 0-0: Ball
Roger Mitchell is caught stealing 2nd base 2-6
1-0: Swinging Strike
1-1: Swinging Strike
1-2: Ball
2-2: Foul Ball, location: 2F
2-2: Strikes out looking
Batting: RHB Bakhtiar Asadov 0-0: Ball
1-0: Ground out 5-3 (Groundball, 56S, EV 64.4 MPH)
Bottom of the 5th over - 0 runs, 0 hits, 0 errors, 0 left on base; Spokane 2 - Lowell 1
TOP OF THE 6TH
Spokane Indians batting - Pitching for Lowell Spinners : RHP Alan Phillips
Batting: RHB Melvin Gomez 0-0: Called Strike
0-1: Ground out 6-3 (Groundball, 6, EV 85.6 MPH)
Batting: RHB Matthew Starr 0-0: Called Strike
0-1: Ground out 4-3 (Groundball, 4, EV 88.8 MPH)
Batting: RHB Dale Aubrey 0-0: Called Strike
0-1: Ball
1-1: Ball
2-1: Ball
3-1: SINGLE (Groundball, 56D, EV 99.4 MPH)
Batting: RHB Antonio Morado 0-0: Called Strike
Dale Aubrey steals 2nd base
0-1: Ball
1-1: Ground out 6-3 (Groundball, 6, EV 90.6 MPH)
Top of the 6th over - 0 runs, 1 hit, 0 errors, 1 left on base; Spokane 2 - Lowell 1
BOTTOM OF THE 6TH
Lowell Spinners batting - Pitching for Spokane Indians : LHP Bobby Carroll
Batting: LHB Javier Cajina 0-0: Swinging Strike
0-1: Called Strike
0-2: Ball
1-2: Strikes out swinging
Batting: RHB Dominique Paolozzi 0-0: Foul Ball, location: 2F
0-1: Ball
1-1: Foul Ball, location: 2F
1-2: Ground out 1-3 (Groundball, P, EV 74.4 MPH)
Batting: RHB Tony Gallegos 0-0: Called Strike
0-1: SINGLE (Line Drive, 89S, EV 102.5 MPH)
Batting: RHB Willie Camacho 0-0: Ball
1-0: Ground out 5-3 (Groundball, 5L, EV 85.0 MPH)
Bottom of the 6th over - 0 runs, 1 hit, 0 errors, 1 left on base; Spokane 2 - Lowell 1
TOP OF THE 7TH
Spokane Indians batting - Pitching for Lowell Spinners : RHP Alan Phillips
Batting: LHB Sumiki Okuhara 0-0: Ball
1-0: Ball
2-0: Called Strike
2-1: Foul Ball, location: 2F
2-2: Ground out 4-3 (Groundball, 4, EV 105.0 MPH)
Batting: RHB Zach Koblinski 0-0: Ball
1-0: Ball
2-0: Called Strike
2-1: SINGLE (Groundball, 56S, EV 68.8 MPH) (infield hit)
Batting: RHB Gabe Almazan 0-0: Ball
Wild Pitch!
Zach Koblinski to second
1-0: Foul Ball, location: 2F
1-1: Foul Ball, location: 2F
1-2: Strikes out swinging
Batting: SHB Brace Harper 0-0: Foul Ball, location: 2F
0-1: Fly out, F7 (Line Drive, 78D, EV 86.9 MPH)
Top of the 7th over - 0 runs, 1 hit, 0 errors, 1 left on base; Spokane 2 - Lowell 1
BOTTOM OF THE 7TH
Lowell Spinners batting - Pitching for Spokane Indians : LHP Bobby Carroll
Now in LF: Sumiki Okuhara
Now in RF: Salvador Caldera
Batting: RHB Mike Strey 0-0: Called Strike
0-1: Reached on error, E5 (Groundball, 56S, EV 83.8 MPH)
Batting: RHB Rogelio Cervantes 0-0: Foul Ball, location: 2F
0-1: Ball
1-1: Bunted foul
1-2: Ball
2-2: Foul Ball, location: 2F
2-2: Ground out 6-3 (Groundball, 6, EV 100.0 MPH)
Pinch Hitting: RHB Mike Rosa 0-0: Ball
1-0: Called Strike
1-1: Called Strike
1-2: Strikes out swinging
Pinch Hitting: RHB Jose Molina 0-0: Ball
1-0: Called Strike
1-1: Ball
2-1: Foul Ball, location: 2F
2-2: Ball
3-2: Foul Ball, location: 2F
3-2: Base on Balls
Pitching: RHP Erik Sever
Pinch Hitting: LHB Danny Montoya 0-0: Ball
1-0: Swinging Strike
1-1: Ball
2-1: Swinging Strike
2-2: Strikes out swinging
Bottom of the 7th over - 0 runs, 0 hits, 1 error, 2 left on base; Spokane 2 - Lowell 1
TOP OF THE 8TH
Spokane Indians batting - Pitching for Lowell Spinners : RHP Alan Phillips
Now at 2B: Mike Rosa
Now at 3B: Jose Molina
Now in LF: Willie Camacho
Now in CF: Javier Cajina
Now in RF: Curt Stallings
Batting: RHB Salvador Caldera 0-0: Ball
1-0: Swinging Strike
1-1: Foul Ball, location: 2F
1-2: Ground out U3 (Groundball, 34S, EV 88.8 MPH)
Batting: RHB Melvin Gomez 0-0: Ball
1-0: Ball
2-0: Called Strike
2-1: Foul Ball, location: 2F
2-2: Strikes out swinging
Batting: RHB Matthew Starr 0-0: Foul Ball, location: 2F
0-1: SINGLE (Groundball, 34D, EV 99.4 MPH)
Pitching: LHP Jessie Leslie
Batting: RHB Dale Aubrey 0-0: Swinging Strike
0-1: Swinging Strike
0-2: Foul Ball, location: 2F
0-2: Strikes out looking
Top of the 8th over - 0 runs, 1 hit, 0 errors, 1 left on base; Spokane 2 - Lowell 1
BOTTOM OF THE 8TH
Lowell Spinners batting - Pitching for Spokane Indians : RHP Erik Sever
Batting: LHB Javier Cajina 0-0: Called Strike
0-1: SINGLE (Groundball, 5S, EV 65.0 MPH) (infield hit)
Batting: RHB Dominique Paolozzi 0-0: Ball
1-0: SINGLE (Groundball, 56D, EV 104.4 MPH)
Javier Cajina to second
Runner from 2nd tries for 3rd, SAFE, throw by LF made to third
Batting: RHB Tony Gallegos 0-0: Ball
1-0: Swinging Strike
1-1: SINGLE (Groundball, 34, EV 95.0 MPH)
Javier Cajina scores
Dominique Paolozzi to second
Runner from 2nd tries for 3rd, SAFE, throw by RF made at trailing runner, OUT! 9-6
Batting: RHB Willie Camacho 0-0: Intentional Walk
Pinch Hitting: LHB Kevin Rolison 0-0: Fielders Choice at 2nd, 4-6 (Groundball, 4, EV 88.1 MPH)
Dominique Paolozzi scores
Batting: RHB Rogelio Cervantes 0-0: Called Strike
0-1: Ball
1-1: Swinging Strike
1-2: Strikes out swinging
Bottom of the 8th over - 2 runs, 3 hits, 0 errors, 1 left on base; Spokane 2 - Lowell 3
TOP OF THE 9TH
Spokane Indians batting - Pitching for Lowell Spinners : LHP Jessie Leslie
Pitching: LHP Ken Berger
Now at C: Paul Long
Batting: RHB Antonio Morado 0-0: Foul Ball, location: 2F
0-1: Ball
1-1: SINGLE (Groundball, 56, EV 108.8 MPH)
Batting: LHB Sumiki Okuhara 0-0: Sac Bunt to 13S - play at first, batter OUT! 1-3
Antonio Morado to second
Batting: RHB Zach Koblinski 0-0: Ball
1-0: Ball
2-0: Ball
3-0: Base on Balls
Batting: RHB Gabe Almazan 0-0: Ball
1-0: Ball
2-0: Ball
3-0: Called Strike
3-1: Swinging Strike
3-2: Base on Balls
Antonio Morado to third
Zach Koblinski to second
Pinch Hitting: RHB Scott King 0-0: Ball
Wild Pitch!
Antonio Morado scores
Zach Koblinski to third
Gabe Almazan to second
1-0: Called Strike
1-1: Ball
2-1: Foul Ball, location: 2F
2-2: Strikes out swinging
Batting: RHB Salvador Caldera 0-0: Ball
1-0: Ball
2-0: Foul Ball, location: 2F
2-1: Foul Ball, location: 2F
2-2: Fly out, F4 (Popup, 4D, EV 48.8 MPH)
Top of the 9th over - 1 run, 1 hit, 0 errors, 2 left on base; Spokane 3 - Lowell 3
BOTTOM OF THE 9TH
Lowell Spinners batting - Pitching for Spokane Indians : RHP Erik Sever
Now at 3B: Rich Thurman
Batting: RHB Mike Rosa 0-0: Ball
1-0: Called Strike
1-1: Swinging Strike
1-2: Strikes out swinging
Pinch Hitting: LHB Mike Hutcheson 0-0: Ball
1-0: Ball
2-0: Swinging Strike
2-1: Called Strike
2-2: Foul Ball, location: 2F
2-2: Ball
3-2: Strikes out swinging
Batting: RHB Curt Stallings 0-0: Called Strike
0-1: Ground out 5-3 (Groundball, 56, EV 95.0 MPH)
Bottom of the 9th over - 0 runs, 0 hits, 0 errors, 0 left on base; Spokane 3 - Lowell 3
TOP OF THE 10TH
Spokane Indians batting - Pitching for Lowell Spinners : LHP Ken Berger
Pitching: RHP Armando Berrios
Now at 3B: Victor Orozco
Pinch Hitting: LHB Gabriel Graves 0-0: Fly out, F9 (Line Drive, 89M, EV 100.6 MPH)
Batting: SHB David Simpson 0-0: Ball
1-0: Ball
2-0: Foul Ball, location: 2F
2-1: SINGLE (Groundball, 6D, EV 97.5 MPH)
Batting: RHB Dale Aubrey 0-0: Called Strike
David Simpson steals 2nd base
0-1: Ball
1-1: Ground out U3 (Groundball, 34, EV 100.6 MPH)
David Simpson to third
Pinch Hitting: LHB Lee Gerken 0-0: Ball
1-0: Foul Ball, location: 2F
1-1: Ball
2-1: Ball
3-1: Swinging Strike
3-2: Foul Ball, location: 2F
3-2: Strikes out swinging
Top of the 10th over - 0 runs, 1 hit, 0 errors, 1 left on base; Spokane 3 - Lowell 3
BOTTOM OF THE 10TH
Lowell Spinners batting - Pitching for Spokane Indians : RHP Erik Sever
Pitching: RHP Arturo Vargas
Now at 1B: Lee Gerken
Now at 2B: Gabriel Graves
Now at SS: Gabe Almazan
Batting: LHB Javier Cajina 0-0: Foul Ball, location: 2F
0-1: Ball
1-1: Ball
2-1: Swinging Strike
2-2: Ball
3-2: Foul Ball, location: 2F
3-2: Strikes out swinging
Batting: RHB Dominique Paolozzi 0-0: Ball
1-0: Ball
2-0: Called Strike
2-1: Called Strike
2-2: Ball
3-2: Foul Ball, location: 2F
3-2: Strikes out swinging
Batting: RHB Tony Gallegos 0-0: Ground out 4-3 (Groundball, 4D, EV 110.0 MPH)
Bottom of the 10th over - 0 runs, 0 hits, 0 errors, 0 left on base; Spokane 3 - Lowell 3
TOP OF THE 11TH
Spokane Indians batting - Pitching for Lowell Spinners : RHP Armando Berrios
Batting: LHB Sumiki Okuhara 0-0: Called Strike
0-1: Foul Ball, location: 2F
0-2: Strikes out looking
Pinch Hitting: LHB Yat-sen Zhu 0-0: SOLO HOME RUN (Line Drive, 9D, EV 99.4 MPH), Distance : 393 ft
Pinch Hitting: LHB Pablo Cardona 0-0: Called Strike
0-1: Ball
1-1: Ball
2-1: Ball
3-1: Base on Balls
Batting: RHB Rich Thurman
Pinch Hitting: LHB Matt Patnaude 0-0: Ball
Pablo Cardona is caught stealing 2nd base 2-6
1-0: Foul Ball, location: 2F
1-1: DOUBLE (Line Drive, 7LM, EV 90.6 MPH)
Batting: RHB Salvador Caldera 0-0: Ball
1-0: Foul Ball, location: 2F
1-1: Ball
2-1: Swinging Strike
2-2: Strikes out swinging
Top of the 11th over - 1 run, 2 hits, 0 errors, 1 left on base; Spokane 4 - Lowell 3
BOTTOM OF THE 11TH
Lowell Spinners batting - Pitching for Spokane Indians : RHP Arturo Vargas
Now at C: Gavin Fimple
Now at 3B: Yat-sen Zhu
Now at SS: Tony Rivera
Now in LF: Nick Solberg
Now in RF: Sumiki Okuhara
Pinch Hitting: LHB John Buff 0-0: Swinging Strike
0-1: Foul Ball, location: 2F
0-2: Strikes out swinging
Pinch Hitting: LHB Nelis Geurts 0-0: SINGLE (Groundball, 56S, EV 72.5 MPH) (infield hit)
Pinch Hitting: LHB Stanislav Parusov 0-0: Ball
1-0: Called Strike
1-1: Called Strike
1-2: Ground out 5-3 (Groundball, 56, EV 88.1 MPH)
Nelis Geurts to second
Batting: RHB Mike Rosa 0-0: Ball
1-0: Foul Ball, location: 2F
1-1: Ground out 2-3 (Groundball, 2R, EV 74.4 MPH)
Bottom of the 11th over - 0 runs, 1 hit, 0 errors, 1 left on base; Spokane 4 - Lowell 3
Sunday, July 16th , 2023 - OOTP Baseball 24.6 Build 69